 Dungeon Sprint DCSS version 0.19-a0-1007-g133f65f (webtiles) character file.

164 nextgen the Skirmisher (level 5, -3/46 HPs)
             Began as a Demonspawn Fighter on July 19, 2016.
             Was an Initiate of Ru.
             Slain by a hill giant
             ... wielding a +0 giant club
              (10 damage)
             ... in the Dungeon (Sprint IX: "|||||||||||||||||||||||||||||").
             The game lasted 00:01:12 (299 turns).

nextgen the Skirmisher (Demonspawn Fighter)          Turns: 299, Time: 00:01:13

Health: -3/46      AC: 20    Str: 17    XL:     5   Next: 21%
Magic:  0/5        EV:  4    Int: 10    God:    Ru [......]
Gold:   0          SH: 10    Dex: 15    Spells: 0 memorised, 4 levels left

rFire  . . .     SeeInvis .     o - +2 morningstar (protect)
rCold  . . .     Gourm    .     r - +0 plate armour
rNeg   . . .     Faith    .     c - +0 shield
rPois  .         Spirit   +     (no helmet)
rElec  .         Dismiss  .     p - +0 cloak
rCorr  .         Reflect  .     q - +0 pair of gloves
SustAt .         Harm     .     (no boots)
MR     .....     NoTele   +     (no amulet)
Stlth  ..........               (no ring)
                                t - +3 ring of dexterity

@: invisible, not resistant to hostile enchantments, extremely unstealthy
A: claws 1, powered by pain 2, magic shield
a: Renounce Religion


You were in the Dungeon.
You worshipped Ru.
Ru was noncommittal.
You were not hungry.

You visited 1 branch

Inventory:

Hand Weapons
 a - a +0 flail
 o - a +2 morningstar of protection (weapon)
Armour
 b - a +0 scale mail
 c - a +0 shield (worn)
 p - a +0 cloak (worn)
 q - a +0 pair of gloves (worn)
 r - a +0 plate armour (worn)
Jewellery
 s - a +3 ring of intelligence
 t - a +3 ring of dexterity (left hand)
Wands
 n - a wand of lightning (6/15)
Scrolls
 k - 2 scrolls of blinking
 l - 3 scrolls of remove curse
 m - 2 scrolls of amnesia
Potions
 d - a potion of might
 e - 5 potions of curing
 h - 2 potions of heal wounds
 i - 4 potions of magic
 j - a potion of berserk rage
Comestibles
 f - a bread ration


   Skills:
 + Level 6.3 Fighting
 + Level 3.6 Maces & Flails
 + Level 5.9 Armour
 + Level 2.0 Dodging
 + Level 5.5 Shields


You had 4 spell levels left.
You didn't know any spells.

Dungeon Overview and Level Annotations

Branches:
Dungeon (1/1)

Altars:
Cheibriados
Dithmenos
Elyvilon
Fedhas
Gozag
Hepliaklqana
Kikubaaqudgha
Makhleb
Nemelex Xobeh
Okawaru
Pakellas
Qazlal
Ru
Sif Muna
Trog
Uskayaw
Vehumet
Xom
Yredelemnul
Zin
The Shining One
Beogh
Jiyva
Lugonu


Innate Abilities, Weirdness & Mutations

You have sharp fingernails.
You sometimes gain power by taking damage.
When hurt, damage is shared between your health and your magic reserves.


Message History

The ogre is almost dead.
The ogre hits you but does no damage.
Your shield and plate armour prevent you from hitting the ogre.
The ogre is almost dead.
You hit the hill giant.
The hill giant is lightly wounded.
The hill giant hits you with a giant club!!
Ouch! That really hurt!
* * * LOW HITPOINT WARNING * * *
You focus on the pain.
You feel your power returning.
You are too injured to fight recklessly!
You are too injured to fight recklessly!
You are too injured to fight recklessly!
Blink to where?
Press: ? - help, Dir - move target cursor
Okay, then.
Okay, then.
You fade into invisibility!
The hill giant hits you with a giant club!
You die...

▓.▓
▓.▓
▓|▓
▓)▓
▓.▓
▓.▓
▓.▓
▓.▓
▓@▓
▓C▓
▓O▓
▓Z▓
▓S▓
▓O▓
▓.▓
▓.▓


You could see a hill giant, 2 ogres, an adder and an adder zombie.

Vanquished Creatures
  An ogre (D)
  A crimson imp (D)
  An orc wizard (D)
  A shadow imp (D)
  A dart slug (D)
  A giant gecko (D)
  A jackal (D)
  A bat (D)
  2 goblins (D)
  A kobold (D)
11 creatures vanquished.

Notes
Turn   | Place    | Note
-------+----------+-------------------------------------------
     0 | D        | nextgen the Demonspawn Fighter began the quest for the Orb.
     0 | D        | Reached XP level 1. HP: 18/18 MP: 1/1
   132 | D        | Noticed a crimson imp
   132 | D        | Noticed an orc wizard
   132 | D        | Noticed an ogre
   144 | D        | Killed an orc wizard
   144 | D        | Reached skill level 4 in Fighting
   144 | D        | Gained mutation: You sometimes gain a little power by taking damage. [demonic ancestry]
   144 | D        | Reached XP level 2. HP: 17/26 MP: 2/2
   144 | D        | Gained mutation: You have sharp fingernails. [demonic ancestry]
   144 | D        | Reached XP level 3. HP: 20/31 MP: 3/3
   151 | D        | HP: 1/31 [ogre/giant club (15)]
   155 | D        | Killed an ogre
   155 | D        | Reached skill level 5 in Fighting
   155 | D        | Reached skill level 5 in Armour
   155 | D        | Reached skill level 1 in Dodging
   155 | D        | Reached skill level 5 in Shields
   155 | D        | Gained mutation: You sometimes gain power by taking damage. [demonic ancestry]
   155 | D        | Reached XP level 4. HP: 31/40 MP: 4/4
   161 | D        | Reached skill level 6 in Fighting
   161 | D        | Gained mutation: When hurt, damage is shared between your health and your magic reserves. [demonic ancestry]
   161 | D        | Reached XP level 5. HP: 35/46 MP: 5/5
   215 | D        | Found a glowing silver altar of Zin.
   215 | D        | Found a glowing golden altar of the Shining One.
   215 | D        | Found an ancient bone altar of Kikubaaqudgha.
   215 | D        | Found a basalt altar of Yredelemnul.
   215 | D        | Found a shimmering altar of Xom.
   215 | D        | Found a radiant altar of Vehumet.
   216 | D        | Found an iron altar of Okawaru.
   217 | D        | Found a burning altar of Makhleb.
   218 | D        | Found a deep blue altar of Sif Muna.
   219 | D        | Found a bloodstained altar of Trog.
   220 | D        | Found a sparkling altar of Nemelex Xobeh.
   221 | D        | Found a white marble altar of Elyvilon.
   222 | D        | Found a roughly hewn altar of Beogh.
   223 | D        | Found a viscous altar of Jiyva.
   224 | D        | Found a corrupted altar of Lugonu.
   225 | D        | Found a blossoming altar of Fedhas.
   226 | D        | Found a snail-covered altar of Cheibriados.
   227 | D        | Found a shadowy altar of Dithmenos.
   228 | D        | Found a stormy altar of Qazlal.
   229 | D        | Found an opulent altar of Gozag.
   230 | D        | Found a sacrificial altar of Ru.
   231 | D        | Found an oddly glowing altar of Pakellas.
   232 | D        | Found a hide-covered altar of Uskayaw.
   235 | D        | Found a hazy altar of Hepliaklqana.
   240 | D        | Became a worshipper of Ru the Awakened
   288 | D        | Noticed an ogre
   288 | D        | Noticed an ogre
   288 | D        | Noticed a hill giant
   299 | D        | Slain by a hill giant

Vault maps used:
D:        linesprint

Skill      XL: |  1  2  3  4  5 |
---------------+----------------+-----
Armour         | 4 5 |  5.9
Maces & Flails | 2 3 |  3.6
Shields        | 3 5 |  5.5
Fighting       | 4 5 6 |  6.3
Dodging        | 1 2 |  2.0

Action                   |  1- 3 |  4- 6 || total
-------------------------+-------+-------++-------
Melee: Flail             |    33 |     9 ||    42
       Morningstar       |       |     9 ||     9
Evoke: Wand              |       |     1 ||     1
  Use: Potion            |     2 |     1 ||     3
Armor: Scale mail        |    20 |     2 ||    22
       Plate armour      |       |     2 ||     2
Dodge: Dodged            |     8 |     2 ||    10
Block: Shield            |    14 |     5 ||    19
